 Dungeon Crawl Stone Soup version 0.31-a0-1009-g454b1f1e0a (webtiles) character file.

Game seed: 3246366354124047418

97 Ivernyr the Shield-Bearer (level 5, -4/42 HPs)
             Began as a Formicid Fighter on Nov 16, 2023.
             Slain by a cerulean imp
             ... wielding a +1 spear
             ... summoned by Natasha
              (5 damage)
             ... on level 3 of the Dungeon.
             The game lasted 00:02:52 (1225 turns).

Ivernyr the Shield-Bearer (Formicid Fighter)        Turns: 1225, Time: 00:02:53

Health: -4/42      AC:  8    Str: 22    XL:     5   Next: 0%
Magic:  5/5        EV:  8    Int:  8    God:
Gold:   97         SH:  9    Dex: 13    Spells: 4/4 levels left

rFire   . . .        a - +0 quarterstaff
rCold   . . .        c - +0 kite shield
rNeg    . . .        b - +0 scale mail
rPois   .            (helmet unavailable)
rElec   .            (no cloak)
rCorr   .            g - +0 pair of gloves
SInv    +            (no boots)
Will    .....        (no amulet) Stlth
                     (no ring)
HPRegen 0.27/turn    (no ring)
MPRegen 0.09/turn

%: no passive effects
@: no status effects
A: permanent stasis, dig shafts and tunnels, antennae 3, four strong arms
a: Dig, Shaft Self


You were on level 3 of the Dungeon.
You visited 1 branch of the dungeon, and saw 3 of its levels.

You collected 97 gold pieces.

Inventory:

Hand Weapons
 a - a +0 quarterstaff (weapon)
Armour
 b - a +0 scale mail (worn)
 c - a +0 kite shield (worn)
 g - a +0 pair of gloves (worn)
Wands
 i - a wand of flame (16)
Scrolls
 e - a scroll of identify {unknown}
 f - a scroll of noise {unknown}
 h - a scroll of enchant weapon {unknown}
 j - a scroll of enchant armour {unknown}
 l - a scroll of amnesia {unknown}
Potions
 d - a potion of might
 k - a potion of degeneration {unknown}


   Skills:
 + Level 3.9 Fighting
 * Level 3.3 Staves
 + Level 3.9 Armour
 + Level 4.6 Shields


You had 4 spell levels left.
You didn't know any spells.
Your spell library contained the following spells:

 Spells                   Type           Power      Damage    Failure   Level
 Apportation              Tloc           0%         N/A       94%         1
 Necrotise                Necr           0%         1d4       94%         1
 Summon Small Mammal      Summ           0%         N/A       94%         1


Dungeon Overview and Level Annotations

Branches:
Dungeon (3/15)

Altars:

Annotations:
D:3 Natasha


Innate Abilities, Weirdness & Mutations

You cannot be hasted, slowed, berserked, paralysed or teleported.
You can dig through walls and to a lower floor.
You have a pair of large antennae on your head. (SInv)
Your four strong arms can wield two-handed weapons with a shield.


Message History

You thump Natasha!
Natasha is almost dead.
Natasha mumbles some strange words.
The cerulean imp hits you from afar with a +2 spear.
You barely miss Natasha.
Natasha is almost dead.
Natasha stares at you and mumbles some strange words.
Your stasis prevents you from being slowed.
You block the cerulean imp's attack.
Natasha stares at you and mumbles some strange words.
You resist with some effort.
You closely miss Natasha.
Natasha is almost dead.
You block the cerulean imp's attack.
Natasha howls an incantation.
Natasha's front paws start to glow.
Natasha stares at you and mumbles some strange words.
The magic dart hits you!
You barely miss Natasha.
Natasha is almost dead.
The cerulean imp hits you from afar with a +2 spear.
* * * LOW HITPOINT WARNING * * *
Natasha claws you.
* * * LOW HITPOINT WARNING * * *
The cerulean imp hits you from afar with a +2 spear.
* * * LOW HITPOINT WARNING * * *
You barely miss Natasha.
Natasha is almost dead.
The cerulean imp shouts!
Natasha claws you.
* * * LOW HITPOINT WARNING * * *
You block the cerulean imp's attack.
Unknown command.
You hit Natasha but do no damage.
Natasha is almost dead.
Natasha claws you.
* * * LOW HITPOINT WARNING * * *
The cerulean imp barely misses you. You block the cerulean imp's attack.
The cerulean imp hits you from afar with a +1 spear.
You die...

#........
##.......#
........#
###.......#
..$.....?#
#####..S....#
......5o5...##
,#h# ... ##
#@##.#### . #.
###..$.....
..###.##....#.####
...........## #
#.......#.## #
#.........#
.........##.)...#
............#.#.##
.#.....#...##.#..#
.#


You could see Natasha, 2 cerulean imps, an adder and an orc.

Vanquished Creatures
  Jessica (D:2)
  Natasha (D:3)
  2 adders
  A dart slug (D:1)
  An orc (D:3)
  3 ball pythons (D:2)
  5 endoplasms
  2 goblins
  A hobgoblin (D:1)
  A quokka (D:2)
  3 bats (D:2)
  A frilled lizard (D:2)
  A kobold (D:2)
  5 rats
28 creatures vanquished.

Notes
Turn   | Place    | Note
-------+----------+-------------------------------------------
     0 | D:1      | Ivernyr the Formicid Fighter began the quest for the Orb.
     0 | D:1      | Reached XP level 1. HP: 18/18 MP: 1/1
   132 | D:1      | Reached XP level 2. HP: 11/24 MP: 2/2
   640 | D:2      | Noticed Jessica
   672 | D:2      | Killed Jessica
   673 | D:2      | Reached XP level 3. HP: 10/30 MP: 3/3
   843 | D:2      | Found a faded altar of an unknown god.
   856 | D:2      | Reached XP level 4. HP: 36/37 MP: 4/4
  1075 | D:3      | Noticed Natasha
  1083 | D:3      | Killed Natasha
  1203 | D:3      | Reached XP level 5. HP: 42/42 MP: 5/5
  1207 | D:3      | Noticed Natasha
  1225 | D:3      | HP: 1/42 [Natasha (4)]
  1225 | D:3      | Slain by a cerulean imp

Illustrated notes

Levels and vault maps discovered:
D:1:      amcnicky_arrival_feature_with_door, layout_basic,
          serial_bayou_crossing
D:2:      layout_rooms, ebering_ecumenical_altar_rust, uniq_jessica
D:3:      layout_rooms, gammafunk_ghost_grave, minmay_strange_pillars,
          uniq_natasha

Skill      XL: |  1  2  3 |
---------------+----------+-----
Staves         | 3 |  3.3
Fighting       | |  3.9
Armour         | |  3.9
Shields        | |  4.6

Action                     |  1- 3 |  4- 6 || total
---------------------------+-------+-------++-------
  Melee: Quarterstaff      |    53 |    34 ||    87
 Armour: Scale mail        |    26 |    23 ||    49
  Dodge: Dodged            |    19 |     8 ||    27
  Block: Kite shield       |    30 |    20 ||    50

Table legend: (Time is in decaauts)
 A = Elapsed time spent in this place.
 B = Non-inter-level travel time spent in this place.
 C = Inter-level travel time spent in this place.
 D = Time resting spent in this place.
 E = Time spent auto-exploring this place.
 F = Levels seen in this place.
 G = Mean time per level.
                   A        B        C        D        E       F      G
               +--------+--------+--------+--------+--------+-----+--------+
         Total |   1256 |   1246 |     10 |     77 |    880 |   3 |  418.7 |
       Dungeon |   1256 |   1246 |     10 |     77 |    880 |   3 |  418.7 |
               +--------+--------+--------+--------+--------+-----+--------+

Top non-repeatable levels by time:
     D:1: 613 daAuts
     D:2: 486 daAuts
     D:3: 156 daAuts
